 Dungeon Crawl Stone Soup version 0.26-a0-808-g930a2b7adc (webtiles) character file.

Game seed: 15623180595815443605

277 Riddle the Firebug (level 6, -2/32 HPs)
             Began as a Gargoyle Fire Elementalist on Nov 12, 2020.
             Slain by an orc
             ... wielding a +0 flail
              (3 damage)
             ... on level 3 of the Dungeon.
             The game lasted 00:04:44 (4947 turns).

Riddle the Firebug (Gargoyle Fire Elementalist)     Turns: 4947, Time: 00:04:45

Health: -2/32      AC:  8    Str: 11    XL:     6   Next: 26%
Magic:  4/11       EV: 12    Int: 18    God:
Gold:   183        SH:  5    Dex: 10    Spells: 7/11 levels left

rFire    . . .     SeeInvis .   r - +2 dagger (flame)
rCold    . . .     Faith    .   (no shield)
rNeg     + . .     Spirit   .   a - +0 robe
rPois    ∞         Reflect  +   b - +0 helmet
rElec    +         Harm     .   (no cloak)
rCorr    .         Rampage  .   g - +0 pair of gloves
MR       .....                  (no boots)
Stlth    +.........             h - amulet of reflection
HPRegen  0.10/turn              n - ring of attention
MPRegen  0.12/turn              (no ring)

@: slowed, very slow
A: negative energy resistance 1, electricity resistance, unbreathing,
petrification resistance, rot immunity, AC +4
a: no special abilities


You were on level 3 of the Dungeon.
You visited 1 branch of the dungeon, and saw 3 of its levels.

You collected 183 gold pieces.

Inventory:

Hand Weapons
 m - a +1 quarterstaff
 r - a +2 dagger of flaming (weapon)
Armour
 a - a +0 robe (worn)
 b - a +0 helmet (worn)
 g - a +0 pair of gloves (worn)
Jewellery
 h - an amulet of reflection (around neck)
 n - a ring of attention (left hand)
Scrolls
 c - 2 scrolls of noise
 i - a scroll of identify
 l - 2 scrolls of remove curse
 o - a scroll of fear
 p - a scroll of blinking
Potions
 d - a potion of curing
 e - a potion of flight {unknown}
 f - a potion of attraction {unknown}
 j - a potion of magic {unknown}
 k - 2 potions of heal wounds {unknown}
 q - a potion of degeneration {unknown}
 s - a potion of haste {unknown}


   Skills:
 + Level 2.4 Dodging
 - Level 2.1 Stealth
 * Level 3.4 Spellcasting
 * Level 3.5 Conjurations
 * Level 4.4 Fire Magic


You had 7 spell levels left.
You knew the following spells:

 Your Spells              Type           Power        Failure   Level
a - Foxfire               Conj/Fire      ###.         3%          1
b - Conjure Flame         Conj/Fire      ###.....     9%          3

Your spell library contained the following spells:

 Spells                   Type           Power        Failure   Level
 Inner Flame              Hex/Fire       ##......     19%         3
 Sticky Flame             Conj/Fire      ###.....     30%         4
 Fireball                 Conj/Fire      ###.......   63%         5


Dungeon Overview and Level Annotations

Branches:
Dungeon (3/15)

Altars:
Ru
Vehumet
Zin

Annotations:
D:3 Natasha


Innate Abilities, Weirdness & Mutations

You are resistant to torment.
Your stone body is resilient. (AC +4)
You are immune to poison.
You resist negative energy. (rN+)
You are resistant to electric shocks. (rElec)
You can survive without breathing.
You are immune to petrification.
You are immune to rotting.


Message History

The foxfire hits the orc.
The orc is heavily wounded.
You block the orc wizard's attack. The orc closely misses you.
The orc priest hits you but does no damage.
The orc hits you with a +0 flail.
* * * LOW HITPOINT WARNING * * *
The orc wizard casts a spell at you. You resist with some effort.
The orc priest calls upon Beogh to heal the orc.
The orc's wounds heal themselves!
The orc barely misses you.
Unknown command.
It was a potion of curing.
You feel better.
The orc wizard hits you with a +0 dagger.
* * * LOW HITPOINT WARNING * * *
The orc hits you with a +0 flail!
* * * LOW HITPOINT WARNING * * *
The orc wizard hits you with a +0 dagger.
* * * LOW HITPOINT WARNING * * *
The orc priest completely misses you. The orc hits you with a +0 flail.
You die...

#........#
........# #.#
.......### #..
.......( ###
...<.#### #
#........ #
#o######.#.
#ooo.......
#o@####.... #..# .
#..# # #..######.
### #.........
###..
#.........#####...#
#.#########.'...###
#.# ###...##.##..
#.# ###...#..#..#..


You could see 2 orc priests, an orc wizard (fast) and 2 orcs.

Vanquished Creatures
  An orc wizard (D:3)
  Natasha (twice) (D:3)
  7 adders
  4 gnolls
  2 worms (D:2)
  A dart slug (D:1)
  2 leopard geckos (D:3)
  4 orcs (D:3)
  2 giant cockroaches
  12 goblins
  17 hobgoblins
  7 jackals
  A ball python (D:3)
  8 bats
  5 frilled lizards
  8 kobolds
  7 rats
90 creatures vanquished.

Vanquished Creatures (others)
  408 foxfires
408 creatures vanquished.

Grand Total: 498 creatures vanquished

Notes
Turn   | Place    | Note
-------+----------+-------------------------------------------
     0 | D:1      | Riddle the Gargoyle Fire Elementalist began the quest for
                  | the Orb.
     0 | D:1      | Reached XP level 1. HP: 10/10 MP: 3/3
   176 | D:1      | Reached XP level 2. HP: 15/15 MP: 0/5
   836 | D:1      | Reached XP level 3. HP: 8/19 MP: 1/6
  1731 | D:2      | Reached XP level 4. HP: 24/24 MP: 3/7
  1774 | D:2      | Found a radiant altar of Vehumet.
  1877 | D:2      | Found a glowing silver altar of Zin.
  2637 | D:2      | Reached XP level 5. HP: 10/28 MP: 0/9
  2966 | D:2      | Reached skill level 4 in Fire Magic
  3462 | D:3      | Noticed Natasha
  3471 | D:3      | Killed Natasha
  3588 | D:3      | Learned a level 3 spell: Conjure Flame
  3652 | D:3      | Noticed Natasha
  3667 | D:3      | Killed Natasha
  3886 | D:3      | Found a sacrificial altar of Ru.
  3953 | D:3      | Reached XP level 6. HP: 26/32 MP: 5/10
  4407 | D:3      | Noticed Natasha
  4947 | D:3      | HP: 1/32 [orc wizard/+0 dagger (1)]
  4947 | D:3      | Slain by an orc

Illustrated notes

Levels and vault maps discovered:
D:1:      dpeg_arrival_connections, layout_loops_cross
D:2:      layout_loops_ring, zin_academy, vehumet_crystals
D:3:      minmay_skewed_foursquare, layout_basic,
          nicolae_ru_great_annihilating_truth, minmay_misc_feat_nine_boxes,
          uniq_natasha

Skill      XL: |  1  2  3  4  5 |
---------------+----------------+-----
Conjurations   | 2 3 |  3.5
Dodging        | 2 |  2.4
Fire Magic     | 4 |  4.4
Spellcasting   | 3 |  3.4
Stealth        | |  2.1

Action                   |  1- 3 |  4- 6 || total
-------------------------+-------+-------++-------
Melee: Unarmed           |    18 |       ||    18
       Dagger            |     5 |    21 ||    26
       Quarterstaff      |       |     1 ||     1
 Cast: Foxfire           |    86 |   189 ||   275
  Use: Scroll            |       |     5 ||     5
       Potion            |       |     1 ||     1
Armor: Robe              |    15 |    39 ||    54
Dodge: Dodged            |    34 |    93 ||   127
Block: Other             |     5 |    34 ||    39
       Reflection        |       |     2 ||     2

Table legend: (Time is in decaauts)
 A = Elapsed time spent in this place.
 B = Non-inter-level travel time spent in this place.
 C = Inter-level travel time spent in this place.
 D = Time resting spent in this place.
 E = Time spent auto-exploring this place.
 F = Levels seen in this place.
 G = Mean time per level.
                   A        B        C        D        E       F      G
               +--------+--------+--------+--------+--------+-----+--------+
         Total |   4948 |   4858 |     90 |    853 |   3173 |   3 | 1649.3 |
       Dungeon |   4948 |   4858 |     90 |    853 |   3173 |   3 | 1649.3 |
               +--------+--------+--------+--------+--------+-----+--------+

Top non-repeatable levels by time:
     D:3: 1707 daAuts
     D:2: 1627 daAuts
     D:1: 1613 daAuts
